 Dungeon Crawl Stone Soup version 0.19-a0-1049-g462a813 (webtiles) character file.

11741 tsouns the Geomancer (level 11, -1/72 HPs)
             Began as an Octopode Earth Elementalist on July 31, 2016.
             Was an Elder of Vehumet.
             Slain by an unseen horror (10 damage)
             ... on level 10 of the Dungeon.
             The game lasted 00:56:47 (13246 turns).

tsouns the Geomancer (Octopode Earth Elementalist) Turns: 13246, Time: 00:56:49

Health: -1/72      AC:  3    Str:  7    XL:     11   Next: 82%
Magic:  21/23      EV: 16    Int: 20    God:    Vehumet [****..]
Gold:   475        SH:  5    Dex: 16    Spells: 7 memorised, 7 levels left

rFire  . . .     SeeInvis .     S - +2 trident (venom)
rCold  + . .     Gourm    .     R - +0 buckler
rNeg   . . .     Faith    .     G - +2 hat
rPois  .         Spirit   .     p - amulet of dismissal
rElec  .         Dismiss  +     i - +2 ring of dexterity
rCorr  .         Reflect  .     a - ring of protection from cold
SustAt +         Harm     .     o - ring of protection from magic
MR     +....                    t - ring of sustain attributes
Stlth  +++++.....               (no ring)
                                (no ring)
                                (no ring)
                                (no ring)

@: somewhat resistant to hostile enchantments, quite stealthy
A: almost no armour, amphibious, 8 rings, constrict 8, camouflage 1, gelatinous
body 1
a: Renounce Religion


You were on level 10 of the Dungeon.
You worshipped Vehumet.
Vehumet was greatly pleased with you.
You were not hungry.

You visited 3 branches of the dungeon, and saw 14 of its levels.

You collected 869 gold pieces.
You spent 394 gold pieces at shops.

Inventory:

Hand Weapons
 n - a +2 flail of holy wrath
 S - a +2 trident of venom (weapon)
Missiles
 b - 246 stones (quivered)
Armour
 G - a +2 hat (worn)
 R - a +0 buckler (worn)
Jewellery
 a - a ring of protection from cold (right tentacle)
 i - a +2 ring of dexterity (left tentacle)
 o - a ring of protection from magic (on tentacle)
 p - an amulet of dismissal (around mantle)
 t - a ring of sustain attributes (on tentacle)
Wands
 e - a wand of random effects (21/48)
 u - a wand of acid (0/15)
 w - a wand of flame (20/48)
 x - a wand of lightning (6/15)
 z - a wand of random effects (1/48)
 A - a wand of lightning (1/15)
 B - a wand of flame (19/48)
 H - a wand of flame (23/48)
 P - a wand of slowing (27/48)
 Q - a wand of slowing (31/48)
 U - a wand of hasting (3/9)
 V - a wand of acid (10/15)
Scrolls
 g - a scroll of amnesia
 q - a scroll of blinking
 y - 4 scrolls of teleportation
 C - 2 scrolls of enchant armour
 J - a scroll of silence
 K - a scroll of fear
 L - a scroll of summoning
 M - a scroll of fog
 O - a scroll of enchant weapon
Potions
 f - 3 potions of haste
 h - a potion of degeneration
 j - 6 potions of curing
 k - 3 potions of lignification
 l - 3 potions of flight
 m - 3 potions of agility
 r - 2 potions of magic
 E - 2 potions of heal wounds
 F - 2 potions of brilliance
 N - a potion of resistance
Books
 d - a book of Geomancy

   Spells                             Type                      Level
   a - Sandblast                      Earth                        1
   b - Passwall                       Transmutation/Earth          2
   c - Stone Arrow                    Conjuration/Earth            3
   d - Petrify                        Transmutation/Earth          4
   e - Lee's Rapid Deconstruction     Earth                        5
 v - a book of Misfortune

   Spells                             Type                      Level
   a - Confusing Touch                Hexes                        1
   b - Confuse                        Hexes                        3
   c - Gell's Gravitas                Hexes/Translocation          3
   d - Petrify                        Transmutation/Earth          4
   e - Metabolic Englaciation         Hexes/Ice                    5
   f - Yara's Violent Unravelling     Hexes/Transmutation          5
 D - a book of the Dragon

   Spells                             Type                      Level
   a - Flame Tongue                   Conjuration/Fire             1
   b - Cause Fear                     Hexes                        4
   c - Bolt of Fire                   Conjuration/Fire             6
   d - Dragon Form                    Transmutation                7
   e - Dragon's Call                  Summoning                    9
 T - the Handbook of Creative Malediction
   (You found it on level 11 of the Dungeon)

   Spells                             Type                      Level
   a - Gell's Gravitas                Hexes/Translocation          3
   b - Spectral Weapon                Hexes/Charms                 3
   c - Call Canine Familiar           Summoning                    3
   d - Yara's Violent Unravelling     Hexes/Transmutation          5
   e - Darkness                       Hexes                        6
 X - a book of Spatial Translocations

   Spells                             Type                      Level
   a - Apportation                    Translocation                1
   b - Blink                          Translocation                2
   c - Shroud of Golubria             Charms/Translocation         2
   d - Portal Projectile              Translocation                3
   e - Teleport Other                 Translocation                3
   f - Passage of Golubria            Translocation                4
Miscellaneous
 W - a sack of spiders
Comestibles
 c - 5 bread rations
 s - 3 meat rations
 I - 5 chunks of flesh


   Skills:
 + Level 5.7 Fighting
 - Level 5.1 Dodging
 - Level 7.2 Stealth
 - Level 2.9 Shields
 + Level 8.6 Spellcasting
 - Level 5.1 Conjurations
 - Level 2.6 Hexes
 - Level 2.0 Transmutations
 + Level 11.6 Earth Magic


You had 7 spell levels left.
You knew the following spells:

 Your Spells              Type           Power        Failure   Level  Hunger
a - Sandblast             Erth           ######       1%          1    None
b - Stone Arrow           Conj/Erth      #####.       1%          3    None
c - Passwall              Tmut/Erth      #####.....   1%          2    None
d - Petrify               Tmut/Erth      #####...     6%          4    ###....
e - Lee's Rapid Deconstr  Erth           ######....   1%          5    #####..
f - Confuse               Hex            ###.....     12%         3    None
g - Blink                 Tloc           N/A          14%         2    None


Dungeon Overview and Level Annotations

Branches:
Dungeon (12/15)            Temple (1/1) D:4            Lair (1/6) D:10
    Orc (0/2) D:9

Altars:
Ashenzari
Cheibriados
Dithmenos
Elyvilon
Fedhas
Gozag
Hepliaklqana
Kikubaaqudgha
Makhleb
Nemelex Xobeh
Okawaru
Pakellas
Qazlal
Ru
Sif Muna
Trog
Uskayaw
Vehumet
Xom
Yredelemnul
Zin
The Shining One

Shops:
D:8 !?


Innate Abilities, Weirdness & Mutations

You cannot wear most types of armour.
You are amphibious.
You can wear up to eight rings at the same time.
You can use your tentacles to constrict eight enemies at once.
Your skin changes colour to match your surroundings (Stealth+).
Your rubbery body absorbs attacks. (AC +1, EV +1)


Message History

Something hits you.
* * * LOW HITPOINT WARNING * * *
Something hits you.
* * * LOW HITPOINT WARNING * * *
You finish merging with the rock.
Something hits you.
* * * LOW HITPOINT WARNING * * *
Something completely misses you. Something hits you.
* * * LOW HITPOINT WARNING * * *
Casting: Passwall
Confirm with . or Enter, or press ? or * to list all spells.
Which direction?
Something hits you.
* * * LOW HITPOINT WARNING * * *
Something barely misses you. Something hits you.
* * * LOW HITPOINT WARNING * * *
You begin to meditate on the wall.
You continue meditating on the rock.
Something hits you!
You die...

#........'......# .....
#........#......# .....
#........#......# .....
#.######.#......# ####+######
#.######.#......#######.......###
#....>>..#......##....#.##....#..
#........#......##....#.##....#..
#........#............#<##....#..
.........#......@.....#.##....#..
#........#......####'##.......###
#........#......#.....(##########
#).......#......#..###.#.........
#........#......#..##..#.........
#.#####..'......#..###(#.........
#.# #..#......#......#.........
#.#####..#......#......'.........
#........########......##########


There were no monsters in sight!

Vanquished Creatures
  2 hill giants (D:10)
  An ugly thing (D:11)
  2 centaur skeletons
  2 trolls (D:11)
  3 shadows
  3 wyverns
  A wraith (D:11)
  8 yaks
  Sigmund (D:2)
  2 hippogriffs
  Eustachio (D:5)
  3 vampire mosquitoes
  3 water moccasins
  2 porcupines (Lair:1)
  6 ice beasts
  4 orc warriors
  5 sky beasts
  6 ogres
  3 black bears
  5 wolves (Lair:1)
  A crocodile (D:10)
  7 centaurs
  3 big kobolds
  A gnoll sergeant (D:9)
  3 giant frogs
  4 scorpions
  2 wyvern skeletons
  2 wights (D:7)
  4 killer bees (D:11)
  2 electric eels (D:9)
  4 howler monkeys
  5 crimson imps
  A quasit (D:9)
  A hound (D:10)
  4 jellies
  3 orc wizards
  6 orc priests
  Crazy Yiuf (D:4)
  Ijyb (D:1)
  Terence (D:3)
  An iguana (D:9)
  7 worker ants
  A hound skeleton (D:10)
  Robin (D:2)
  3 worker ant zombies
  5 gnolls (D:9)
  10 adders
  3 river rats
  3 shadow imps
  An ooze (D:2)
  An adder zombie (D:8)
  2 adder skeletons (D:5)
  A worm (D:2)
  3 dart slugs
  4 giant geckos
  15 orcs
  6 giant cockroaches
  11 goblins
  9 hobgoblins
  20 jackals
  12 kobolds
  5 quokkas
  A ball python (D:6)
  13 bats
  A giant gecko skeleton (D:10)
  7 giant newts
  A quokka zombie (D:6)
  20 rats
286 creatures vanquished.

Vanquished Creatures (others)
  3 fungi
  A plant (Lair:1)
4 creatures vanquished.

Grand Total: 290 creatures vanquished

Notes
Turn   | Place    | Note
-------+----------+-------------------------------------------
     0 | D:1      | tsouns the Octopode Earth Elementalist began the quest for the Orb.
     0 | D:1      | Reached XP level 1. HP: 11/11 MP: 3/3
   126 | D:1      | Reached XP level 2. HP: 16/17 MP: 5/5
   491 | D:1      | Reached XP level 3. HP: 21/21 MP: 6/6
   774 | D:2      | Noticed Robin
   843 | D:2      | Learned a level 3 spell: Stone Arrow
   846 | D:2      | Learned a level 2 spell: Passwall
  1107 | D:2      | Reached XP level 4. HP: 20/27 MP: 5/7
  1114 | D:2      | Reached skill level 4 in Earth Magic
  1261 | D:2      | Noticed Sigmund
  1339 | D:2      | Killed Sigmund
  1339 | D:2      | Reached XP level 5. HP: 19/31 MP: 2/9
  1399 | D:2      | Reached skill level 5 in Earth Magic
  1427 | D:2      | Reached XP level 6. HP: 26/36 MP: 8/10
  1460 | D:2      | Noticed Ijyb
  1460 | D:2      | Reached skill level 5 in Stealth
  1502 | D:1      | Killed Ijyb
  1588 | D:2      | Killed Robin
  2466 | D:3      | Noticed Terence
  2474 | D:3      | Killed Terence
  2525 | D:4      | Learned a level 4 spell: Petrify
  2722 | D:4      | Found a runed door.
  2832 | D:4      | Found a staircase to the Ecumenical Temple.
  2837 | Temple   | Entered the Ecumenical Temple
  2962 | Temple   | Became a worshipper of Vehumet
  3112 | D:4      | Noticed Crazy Yiuf
  3114 | D:4      | Killed Crazy Yiuf
  3170 | D:5      | Entered Level 5 of the Dungeon
  3209 | D:5      | Reached XP level 7. HP: 25/41 MP: 1/12
  3322 | D:5      | Noticed Eustachio
  3335 | D:5      | Killed Eustachio
  3335 | D:5      | Reached skill level 1 in Conjurations
  3335 | D:5      | Reached skill level 6 in Earth Magic
  4111 | D:5      | Reached XP level 8. HP: 46/46 MP: 4/14
  4223 | D:5      | Reached skill level 7 in Earth Magic
  4250 | D:5      | Reached * piety under Vehumet
  4250 | D:5      | Offered knowledge of Freeze by Vehumet.
  4494 | D:5      | Found a blossoming altar of Fedhas.
  4500 | D:5      | Found a glowing silver altar of Zin.
  4502 | D:5      | Found an ancient bone altar of Kikubaaqudgha.
  4503 | D:5      | Found an oddly glowing altar of Pakellas.
  4504 | D:5      | Found a deep blue altar of Sif Muna.
  4509 | D:5      | Found a sparkling altar of Nemelex Xobeh.
  4622 | D:5      | Learned a level 5 spell: Lee's Rapid Deconstruction
  4850 | D:6      | Reached skill level 8 in Earth Magic
  5039 | D:6      | Reached skill level 5 in Spellcasting
  5289 | D:6      | Reached XP level 9. HP: 11/51 MP: 3/16
  5984 | D:7      | Reached skill level 9 in Earth Magic
  6803 | D:8      | Reached skill level 5 in Conjurations
  7035 | D:8      | Found Xoucaugoha's Magic Scroll Emporium.
  7048 | D:8      | Bought a scroll of silence for 90 gold pieces
  7048 | D:8      | Bought a scroll of fear for 42 gold pieces
  7048 | D:8      | Bought a scroll of summoning for 114 gold pieces
  7048 | D:8      | Bought a scroll of identify for 24 gold pieces
  7048 | D:8      | Bought a scroll of identify for 24 gold pieces
  7048 | D:8      | Bought a scroll of identify for 24 gold pieces
  7048 | D:8      | Bought a scroll of fog for 24 gold pieces
  7551 | D:8      | Reached ** piety under Vehumet
  7552 | D:8      | Reached skill level 10 in Earth Magic
  7646 | D:8      | Found Gyikush's Distillery.
  7649 | D:8      | Bought a potion of brilliance for 52 gold pieces
  7658 | D:8      | Offered knowledge of Shock by Vehumet.
  7894 | D:8      | Reached XP level 10. HP: 48/56 MP: 13/19
  7999 | D:9      | Found a staircase to the Orcish Mines.
  8129 | D:9      | Reached skill level 1 in Fighting
  8649 | D:9      | Offered knowledge of Throw Frost by Vehumet.
  8960 | D:9      | Reached *** piety under Vehumet
  9067 | D:10     | Entered Level 10 of the Dungeon
  9189 | D:10     | Noticed a hill giant
  9339 | D:10     | Reached skill level 1 in Shields
  9529 | D:10     | Killed a hill giant
 10015 | D:9      | Learned a level 3 spell: Confuse
 10057 | D:10     | Noticed a hill giant
 10066 | D:10     | Killed a hill giant
 10066 | D:10     | Reached skill level 1 in Hexes
 10066 | D:10     | Reached XP level 11. HP: 68/68 MP: 0/22
 10222 | D:10     | Reached skill level 11 in Earth Magic
 10222 | D:10     | Offered knowledge of Olgreb's Toxic Radiance by Vehumet.
 10522 | D:10     | Found a staircase to the Lair.
 10633 | Lair:1   | Entered Level 1 of the Lair of Beasts
 10721 | Lair:1   | Reached skill level 5 in Dodging
 10857 | Lair:1   | Reached **** piety under Vehumet
 11447 | D:10     | Offered knowledge of Lightning Bolt by Vehumet.
 12313 | D:11     | Reached skill level 5 in Fighting
 12450 | D:11     | Noticed a cyan ugly thing
 12457 | D:11     | Killed a cyan ugly thing
 12612 | D:11     | Learned a level 2 spell: Blink
 12840 | D:11     | Identified the Handbook of Creative Malediction
 12890 | D:11     | Noticed a hill giant
 13209 | D:12     | Noticed a cyclops
 13246 | D:10     | Slain by an unseen horror

Vault maps used:
D:1:      evilmike_arrival_fibonacci_small, hangedman_decor_push,
          serial_park_tiny_2
D:2:      uniq_robin, uniq_iyjb, uniq_sigmund
D:3:      hangedman_decor_peaks_small, minmay_misc_feat_columns, uniq_terence
D:4:      first_bread, nrook_mini_vaults, uniq_crazy_yiuf_cottage
D:5:      minitemple, uniq_eustachio
D:8:      serial_shops, nicolae_shop_competitors_out_of_business,
          kennysheep_mini_moat
D:9:      orc_0_dummy
D:10:     grunt_lair_entry_orc_guard_hut
D:12:     basic_altar
Temple:   nicolae_temple_elliptical

Skill      XL: |  1  2  3  4  5  6  7  8  9 10 11 |
---------------+----------------------------------+-----
Stealth        | 3 4 5 6 7 |  7.2
Earth Magic    | 4 5 6 8 10 11 | 11.6
Spellcasting   | 3 4 5 6 7 8 |  8.6
Conjurations   | 2 4 5 |  5.1
Transmutations | 2 |  2.0
Fighting       | 3 5 |  5.7
Dodging        | 4 5 |  5.1
Shields        | 2 |  2.9
Hexes          | 1 2 |  2.6

Action                   |  1- 3 |  4- 6 |  7- 9 | 10-12 || total
-------------------------+-------+-------+-------+-------++-------
Melee: Unarmed           |     8 |       |       |       ||     8
       Short sword       |    36 |    38 |       |       ||    74
       Constrict         |    13 |    12 |     6 |    11 ||    42
       Tentacles         |     7 |     6 |     4 |    11 ||    28
       Flail             |       |     7 |    16 |    22 ||    45
       Trident           |       |       |       |    36 ||    36
Throw: Stone             |       |       |       |     2 ||     2
 Cast: Sandblast         |    13 |    62 |   102 |    63 ||   240
       Stone Arrow       |       |     3 |    82 |   160 ||   245
       Lee's Rapid Decon |       |       |     4 |    31 ||    35
       Petrify           |       |       |       |    12 ||    12
       Passwall          |       |       |       |     4 ||     4
Evoke: Wand              |       |       |       |     1 ||     1
  Use: Scroll            |     6 |     5 |     9 |     4 ||    24
       Potion            |       |     1 |     1 |     1 ||     3
 Stab: Sleeping          |     8 |    10 |     2 |     4 ||    24
       Distracted        |       |     1 |     1 |       ||     2
  Eat: Chunk             |     1 |     7 |     7 |    15 ||    30
       Bread ration      |       |       |     2 |       ||     2
       Beef jerky        |       |       |     1 |     5 ||     6
       Pizza             |       |       |     1 |     1 ||     2
       Royal jelly       |       |       |       |     1 ||     1
Armor: Skin              |     3 |     5 |     5 |    22 ||    35
Dodge: Dodged            |    27 |    50 |    51 |   135 ||   263
Block: Buckler           |       |       |       |    35 ||    35
